ANAHEIM Ducks vs BOSTON Bruins

Created - 18 février 2024 at 08:14

Goals
1 2 3 OT1 T
ANAHEIM Ducks 2 1 0 1 4
BOSTON Bruins 0 1 2 0 3
Shots
1 2 3 OT1 T
ANAHEIM Ducks 9 9 4 1 23
BOSTON Bruins 4 11 11 2 28

1st period

1. ANAHEIM Ducks , Seth Jones 1 (Brayden Point 4, MacKenzie Weegar 4) at 5:09 (PP)
2. ANAHEIM Ducks , Seth Jones 2 (MacKenzie Weegar 5, Jeff Carter 3) at 16:07 (PP)

Penalties :
Joel Eriksson Ek (BOS) for Roughing (Minor) at 1:29, Jaycob Megna (BOS) for Slashing (Minor) at 4:00, Adrian Kempe (BOS) for Hooking (Minor) at 15:46

2nd period

3. ANAHEIM Ducks , Brayden Point 2 (Mark Giordano 2, Nick Paul 3) at 0:14
4. BOSTON Bruins , Shea Theodore 3 (Tomas Hertl 2) at 10:30 (PP)

Penalties :
Brad Marchand (BOS) for High sticking (Minor) at 1:08, MacKenzie Weegar (ANA) for Roughing (Minor) at 5:15, MacKenzie Weegar (ANA) for Roughing (Minor) at 8:59, MacKenzie Weegar (ANA) for Interference (Minor) at 13:46

3rd period

5. BOSTON Bruins , Shea Theodore 4 (Frank Vatrano 2) at 3:15 (PP)
6. BOSTON Bruins , Kirill Kaprizov 1 (Frank Vatrano 3) at 14:06

Penalties :
Warren Foegele (ANA) for Cross-checking (Minor) at 2:00, Nathan MacKinnon (ANA) for Hooking (Minor) at 6:49, Justin Holl (ANA) for Holding (Minor) at 18:30

Overtime #1

7. ANAHEIM Ducks , Seth Jones 3 (Brayden Point 5, Chandler Stephenson 5) at 4:16

Penalties :
No Penalty

Goalie Stats

Philipp Grubauer (ANA), 25 saves from 28 shots - (0,893), W, 4-3-0, 64:17 minutes
Tristan Jarry (BOS), 19 saves from 23 shots - (0,826), OTL, 3-3-1, 64:17 minutes

Players Stats for ANAHEIM Ducks

Player Name              G  A  P  +/- PIM S  H  SB GA TA FO     MP     PP MP  PK MP  
------------------------------------------------------------------------------------
Brayden Point            1  2  3   2  0   3  2  0  0  0  1/1    19:15   2:27   0:00 
Brett Pesce              0  0  0  -1  0   0  3  4  0  0  0/0    25:44   2:21   7:11 
Chandler Stephenson      0  1  1   0  0   0  1  0  0  0  4/10   22:06   3:01   2:47 
David Kampf              0  0  0   0  0   0  1  0  0  0  5/12   16:11   0:00   6:38 
Derick Brassard          0  0  0   0  0   0  0  0  0  0  0/0     7:40   0:00   0:00 
Elias Lindholm           0  0  0  -1  0   4  2  0  0  0  19/32  25:24   2:27   7:16 
Jeff Carter              0  1  1   1  0   2  1  0  0  0  12/16  19:03   3:01   1:26 
Joel Farabee             0  0  0   0  0   1  2  0  0  0  0/1     9:33   0:00   0:00 
Justin Holl              0  0  0   0  2   2  3  0  0  0  0/0    16:37   0:00   4:33 
MacKenzie Weegar         0  2  2  -1  6   1  4  1  0  0  0/0    21:56   3:07   2:40 
Mark Giordano            0  1  1   1  0   0  2  0  0  0  0/0    19:59   2:21   0:00 
Nathan MacKinnon         0  0  0  -1  2   0  3  0  0  0  1/2    16:32   2:27   0:00 
Nic Dowd                 0  0  0   0  0   0  0  0  0  0  2/6     8:52   0:00   2:47 
Nick Paul                0  1  1   1  0   3  5  0  0  0  1/3    17:37   3:01   0:00 
Patrick Maroon           0  0  0   0  0   0  2  0  0  0  0/0     6:05   0:00   0:00 
Ryan Lindgren            0  0  0   0  0   1  0  0  0  0  0/0    17:04   0:00   4:59 
Seth Jones               3  0  3   2  0   3  2  0  0  0  0/0    23:23   3:07   2:01 
Warren Foegele           0  0  0   0  2   3  1  0  0  0  0/1     9:32   0:00   0:00 

Players Stats for BOSTON Bruins

Player Name              G  A  P  +/- PIM S  H  SB GA TA FO     MP     PP MP  PK MP  
------------------------------------------------------------------------------------
Adam Lowry               0  0  0  -1  0   0  0  0  0  0  4/10   11:35   0:00   3:32 
Adrian Kempe             0  0  0  -1  2   2  5  0  0  0  0/2    21:22   4:52   0:00 
Andrew Peeke             0  0  0   1  0   0  4  3  0  0  0/0    22:26   2:11   2:54 
Blake Wheeler            0  0  0   0  0   0  2  1  0  0  0/0     7:45   0:00   0:00 
Bo Horvat                0  0  0  -1  0   2  0  0  0  0  18/29  21:53   4:52   0:00 
Brad Hunt                0  0  0   0  0   0  0  1  0  0  0/0    11:51   0:00   0:00 
Brad Marchand            0  0  0  -1  2   1  0  0  0  0  0/2    24:11   4:52   2:19 
Frank Vatrano            0  2  2   0  0   1  2  0  0  0  0/1    21:04   4:53   0:46 
Jaycob Megna             0  0  0   0  2   0  1  1  0  0  0/0    12:11   0:00   0:21 
Joel Eriksson Ek         0  0  0   1  2   1  3  2  0  0  6/18   19:11   4:53   0:36 
Kirill Kaprizov          1  0  1   1  0   10 0  0  0  0  0/0    19:28   5:45   0:00 
Matt Dumba               0  0  0   0  0   2  5  1  0  0  0/0    24:00   4:27   2:35 
Michael Pezzetta         0  0  0   0  0   1  2  0  0  0  0/0     6:21   0:00   0:00 
Nathan Walker            0  0  0   0  0   0  0  0  0  0  0/0    12:18   0:27   2:01 
Phil Kessel              0  0  0   0  0   1  1  0  0  0  0/0     6:48   0:27   0:00 
Shea Theodore            2  0  2  -1  0   4  3  0  0  0  0/0    23:24   3:06   2:35 
Tomas Hertl              0  1  1   0  0   1  2  0  0  0  11/22  16:30   5:20   1:20 
Victor Hedman            0  0  0  -1  0   2  2  0  0  0  0/0    25:31   4:55   2:53 

3 Stars

1 - Seth Jones (ANA)
2 - Brayden Point (ANA)
3 - Shea Theodore (BOS)

Power Play

ANAHEIM Ducks - 2 on 4 Attempt(s) - 50,00%
BOSTON Bruins - 2 on 6 Attempt(s) - 33,33%

Penalty Kill

ANAHEIM Ducks - 4 on 6 Attempt(s) - 66,67% - Score 0 goal in Penalty Kill
BOSTON Bruins - 2 on 4 Attempt(s) - 50,00% - Score 0 goal in Penalty Kill

Team Stat

ANAHEIM Ducks - Hits : 34 - Faceoff Wins : 45 - Blocked Shots : 5 - Penalty Minutes : 12
BOSTON Bruins - Hits : 32 - Faceoff Wins : 39 - Blocked Shots : 9 - Penalty Minutes : 8

Official

Referees : Chelsea Rapin and Steve Kozari
Linesman : Derek Amell and Erica Holmes

Game Notes

Seth Jones has scored a Hat Trick!

Finance

Level 1 -- Attendance: 4664 (77,73%) -- Ticket Income $466,400
Level 2 -- Attendance: 4103 (82,06%) -- Ticket Income $246,180
Level 3 -- Attendance: 2000 (100,00%) -- Ticket Income $70,000
Level 4 -- Attendance: 4000 (100,00%) -- Ticket Income $80,000
Luxury Box -- Attendance: 735 (73,50%) -- Ticket Income $147,000
Game was played at the TD Garden.
Total Attendance: 15502 (86,12%)
Total Ticket Income: $1,009,580
Other Income: $252,395
Total Income: $1,261,975

ANAHEIM Ducks

5 vs 5 Forward 
   Center                   Left Wing                Right Wing               Time % Phy DF OF 
 1 Elias Lindholm           Chandler Stephenson      Nathan MacKinnon         35     0   2  3  
 2 Jeff Carter              Nick Paul                Brayden Point            35     0   2  3  
 3 David Kampf              Joel Farabee             Warren Foegele           20     1   2  2  
 4 Nic Dowd                 Derick Brassard          Patrick Maroon           10     1   3  1  

5 vs 5 Defense 
   Defense                  Defense                                           Time % Phy DF OF 
 1 Brett Pesce              MacKenzie Weegar                                  40     1   2  2  
 2 Mark Giordano            Seth Jones                                        35     1   2  2  
 3 Justin Holl              Ryan Lindgren                                     20     2   2  1  
 4 Brett Pesce              MacKenzie Weegar                                  5      2   2  1  

PowerPlay Forward 
   Center                   Left Wing                Right Wing               Time % Phy DF OF 
 1 Elias Lindholm           Brayden Point            Nathan MacKinnon         60     0   1  4  
 2 Chandler Stephenson      Nick Paul                Jeff Carter              40     0   1  4  

PowerPlay Defense
   Defense                  Defense                                           Time % Phy DF OF 
 1 Seth Jones               MacKenzie Weegar                                  60     0   1  4  
 2 Mark Giordano            Brett Pesce                                       40     0   1  4  

Penalty Kill 4 Players Forward 
   Center                   Wing                     Time % Phy DF OF 
 1 Elias Lindholm           David Kampf              60     1   3  1  
 2 Chandler Stephenson      Nic Dowd                 40     1   3  1  

Penalty Kill 4 Players Defense
   Defense                  Defense                  Time % Phy DF OF 
 1 Brett Pesce              Ryan Lindgren            60     1   3  1  
 2 MacKenzie Weegar         Justin Holl              40     1   3  1  

Penalty Kill - 3 Players Forward 
   Forward                                           Time % Phy DF OF 
 1 Elias Lindholm                                    60     1   4  0  
 2 Chandler Stephenson                               40     1   4  0  

Penalty Kill - 3 Players Defense
   Defense                  Defense                  Time % Phy DF OF 
 1 Brett Pesce              Ryan Lindgren            60     1   4  0  
 2 MacKenzie Weegar         Justin Holl              40     1   4  0  

4 vs 4 Forward 
   Center                   Wing                     Time % Phy DF OF 
 1 Elias Lindholm           Nathan MacKinnon         60     1   2  2  
 2 Chandler Stephenson      Brayden Point            40     1   2  2  

4 vs 4 Defense
   Defense                  Defense                  Time % Phy DF OF 
 1 MacKenzie Weegar         Brett Pesce              60     1   2  2  
 2 Mark Giordano            Seth Jones               40     1   2  2  

Last Minutes Offensive
   Center                   Left Wing                Right Wing               Defense                  Defense                  
   Elias Lindholm           Brayden Point            Nathan MacKinnon         Seth Jones               MacKenzie Weegar         

Last Minutes Defensive
   Center                   Left Wing                Right Wing               Defense                  Defense                  
   Elias Lindholm           Chandler Stephenson      David Kampf              Ryan Lindgren            Brett Pesce              

Goaltenders
Starting : Philipp Grubauer         
Backup : Brian Elliott            

Extra Forwards
Normal : Jeff Carter, Nick Paul, Joel Farabee - PP : Jeff Carter, Nick Paul - PK : Jeff Carter
Extra Defensemen
Normal : Brett Pesce, Justin Holl, Ryan Lindgren - PP : Brett Pesce - PK : Brett Pesce, Justin Holl
Penalty Shots
Nathan MacKinnon, Brayden Point, Elias Lindholm, Chandler Stephenson, Nick Paul

Scratches
None

BOSTON Bruins

5 vs 5 Forward 
   Center                   Left Wing                Right Wing               Time % Phy DF OF 
 1 Bo Horvat                Brad Marchand            Adrian Kempe             38     1   2  2  
 2 Joel Eriksson Ek         Kirill Kaprizov          Frank Vatrano            34     1   2  2  
 3 Tomas Hertl              Nathan Walker            Blake Wheeler            20     1   2  2  
 4 Adam Lowry               Michael Pezzetta         Phil Kessel              8      1   2  2  

5 vs 5 Defense 
   Defense                  Defense                                           Time % Phy DF OF 
 1 Victor Hedman            Shea Theodore                                     43     1   2  2  
 2 Andrew Peeke             Matt Dumba                                        41     1   3  1  
 3 Jaycob Megna             Brad Hunt                                         16     2   2  1  
 4 Victor Hedman            Shea Theodore                                     0      1   2  2  

PowerPlay Forward 
   Center                   Left Wing                Right Wing               Time % Phy DF OF 
 1 Bo Horvat                Brad Marchand            Adrian Kempe             60     1   2  2  
 2 Tomas Hertl              Joel Eriksson Ek         Frank Vatrano            40     1   2  2  

PowerPlay Defense
   Defense                  Defense                                           Time % Phy DF OF 
 1 Victor Hedman            Kirill Kaprizov                                   60     1   2  2  
 2 Matt Dumba               Shea Theodore                                     40     1   2  2  

Penalty Kill 4 Players Forward 
   Center                   Wing                     Time % Phy DF OF 
 1 Adam Lowry               Brad Marchand            60     1   2  2  
 2 Joel Eriksson Ek         Andrew Peeke             40     1   2  2  

Penalty Kill 4 Players Defense
   Defense                  Defense                  Time % Phy DF OF 
 1 Victor Hedman            Andrew Peeke             60     1   2  2  
 2 Matt Dumba               Shea Theodore            40     1   2  2  

Penalty Kill - 3 Players Forward 
   Forward                                           Time % Phy DF OF 
 1 Adam Lowry                                        60     1   2  2  
 2 Joel Eriksson Ek                                  40     1   2  2  

Penalty Kill - 3 Players Defense
   Defense                  Defense                  Time % Phy DF OF 
 1 Victor Hedman            Andrew Peeke             60     1   2  2  
 2 Matt Dumba               Shea Theodore            40     1   2  2  

4 vs 4 Forward 
   Center                   Wing                     Time % Phy DF OF 
 1 Bo Horvat                Brad Marchand            60     1   2  2  
 2 Joel Eriksson Ek         Adrian Kempe             40     1   2  2  

4 vs 4 Defense
   Defense                  Defense                  Time % Phy DF OF 
 1 Victor Hedman            Shea Theodore            60     1   2  2  
 2 Andrew Peeke             Matt Dumba               40     1   2  2  

Last Minutes Offensive
   Center                   Left Wing                Right Wing               Defense                  Defense                  
   Bo Horvat                Kirill Kaprizov          Andrew Peeke             Victor Hedman            Shea Theodore            

Last Minutes Defensive
   Center                   Left Wing                Right Wing               Defense                  Defense                  
   Bo Horvat                Brad Marchand            Adrian Kempe             Victor Hedman            Andrew Peeke             

Goaltenders
Starting : Tristan Jarry            
Backup : Casey DeSmith            

Extra Forwards
Normal : Kirill Kaprizov, Tomas Hertl, Brad Marchand - PP : Kirill Kaprizov, Tomas Hertl - PK : Adam Lowry
Extra Defensemen
Normal : Victor Hedman, Shea Theodore, Matt Dumba - PP : Victor Hedman - PK : Andrew Peeke, Victor Hedman
Penalty Shots
Bo Horvat, Adrian Kempe, Kirill Kaprizov, Tomas Hertl, Brad Marchand

Scratches
None


% Time on Ice - ANAHEIM Ducks

Lines # - Real PCT - Wanted PCT - Time Play
Normal Forward
1 - 32% - 35% - 14:06
2 - 33% - 35% - 14:36
3 - 22% - 20% - 9:33
4 - 14% - 10% - 6:05
Normal Defense
1 - 37% - 40% - 16:12
2 - 36% - 35% - 16:03
3 - 27% - 20% - 12:05
4 - 0% - 5% - 0:00
PP Forward
1 - 45% - 60% - 2:27
2 - 55% - 40% - 3:01
PP Defense
1 - 57% - 60% - 3:07
2 - 43% - 40% - 2:21
PK Forward
1 - 73% - 60% - 7:25
2 - 27% - 40% - 2:47
PK Defense
1 - 46% - 60% - 4:42
2 - 54% - 40% - 5:30
PK3 Forward
1 - 100% - 60% - 0:30
2 - 0% - 40% - 0:00
PK3 Defense
1 - 57% - 60% - 0:17
2 - 43% - 40% - 0:13
44 Forward
1 - 0% - 60%
2 - 0% - 40%
44 Defense
1 - 0% - 60%
2 - 0% - 40%
Last Minute Offensive  - 0:00
Last Minute Defensive  - 0:00
Total
Forward - 60:30
Defense - 60:30

% Time on Ice - BOSTON Bruins

Lines # - Real PCT - Wanted PCT - Time Play
Normal Forward
1 - 37% - 38% - 16:31
2 - 31% - 34% - 13:43
3 - 17% - 20% - 7:45
4 - 14% - 8% - 6:21
Normal Defense
1 - 39% - 43% - 17:13
2 - 34% - 41% - 15:16
3 - 27% - 16% - 11:51
4 - 0% - 0% - 0:00
PP Forward
1 - 48% - 60% - 4:52
2 - 52% - 40% - 5:20
PP Defense
1 - 56% - 60% - 5:45
2 - 44% - 40% - 4:27
PK Forward
1 - 79% - 60% - 4:18
2 - 21% - 40% - 1:10
PK Defense
1 - 53% - 60% - 2:53
2 - 47% - 40% - 2:35
PK3 Forward
1 - 0% - 60%
2 - 0% - 40%
PK3 Defense
1 - 0% - 60%
2 - 0% - 40%
44 Forward
1 - 100% - 60% - 0:30
2 - 0% - 40% - 0:00
44 Defense
1 - 100% - 60% - 0:30
2 - 0% - 40% - 0:00
Last Minute Offensive  - 0:00
Last Minute Defensive  - 0:00
Total
Forward - 60:30
Defense - 60:30

Play-by-Play

1st period


0:01 of 1st period - Bo Horvat wins face-off versus Elias Lindholm in neutral zone.
0:13 of 1st period - Bo Horvat is hit by Brett Pesce and loses puck.
0:35 of 1st period - Shot by Brad Marchand.
0:35 of 1st period - Stopped by Philipp Grubauer without a rebound.
0:36 of 1st period - Joel Eriksson Ek wins face-off versus Jeff Carter in ANAHEIM Ducks zone.
0:37 of 1st period - Shot by Kirill Kaprizov.
0:37 of 1st period - Stopped by Philipp Grubauer with a rebound.
0:56 of 1st period - Shot by Brayden Point.
0:56 of 1st period - Shot Misses the Net.
1:21 of 1st period - Brayden Point is hit by Andrew Peeke and loses puck.
1:29 of 1st period - Minor Penalty to Joel Eriksson Ek for Roughing.
1:30 of 1st period - Adam Lowry wins face-off versus Elias Lindholm in BOSTON Bruins zone.
1:44 of 1st period - Brayden Point is hit by Shea Theodore and loses puck.
1:47 of 1st period - Shot by Elias Lindholm.
1:47 of 1st period - Shot Misses the Net.
1:49 of 1st period - Shot by Elias Lindholm.
1:49 of 1st period - Stopped by Tristan Jarry without a rebound.
1:50 of 1st period - Chandler Stephenson wins face-off versus Adam Lowry in BOSTON Bruins zone.
2:45 of 1st period - Shot by Elias Lindholm.
2:45 of 1st period - Stopped by Tristan Jarry without a rebound.
2:46 of 1st period - Brayden Point wins face-off versus Tomas Hertl in BOSTON Bruins zone.
3:59 of 1st period - David Kampf is hit by Jaycob Megna and loses puck.
4:00 of 1st period - Minor Penalty to Jaycob Megna for Slashing.
4:01 of 1st period - Joel Eriksson Ek wins face-off versus Chandler Stephenson in BOSTON Bruins zone.
5:05 of 1st period - Shot by MacKenzie Weegar.
5:05 of 1st period - Shot Misses the Net.
5:07 of 1st period - Shot by Brayden Point.
5:07 of 1st period - Stopped by Tristan Jarry with a rebound.
5:09 of 1st period - Shot by Seth Jones.
5:09 of 1st period - Goal by Seth Jones - ANAHEIM Ducks : 1 - BOSTON Bruins : 0.
5:10 of 1st period - Nic Dowd wins face-off versus Tomas Hertl in neutral zone.
5:35 of 1st period - Ryan Lindgren is hit by Tomas Hertl and loses puck.
6:14 of 1st period - Shea Theodore is hit by Patrick Maroon and loses puck.
7:26 of 1st period - Shot by Kirill Kaprizov.
7:26 of 1st period - Stopped by Philipp Grubauer with a rebound.
7:42 of 1st period - Shot by Jeff Carter.
7:42 of 1st period - Shot Blocked by Joel Eriksson Ek.
7:54 of 1st period - Shot by Nick Paul.
7:54 of 1st period - Stopped by Tristan Jarry without a rebound.
7:55 of 1st period - Tomas Hertl wins face-off versus David Kampf in BOSTON Bruins zone.
7:55 of 1st period - Tomas Hertl is hit by David Kampf.
8:00 of 1st period - Brad Hunt is hit by Brett Pesce and loses puck.
9:00 of 1st period - Shot by Nathan MacKinnon.
9:00 of 1st period - Shot Blocked by Blake Wheeler.
9:20 of 1st period - Andrew Peeke is hit by Nathan MacKinnon.
9:21 of 1st period - Icing by Andrew Peeke.
9:22 of 1st period - Joel Eriksson Ek wins face-off versus Nick Paul in BOSTON Bruins zone.
9:49 of 1st period - Shot by Brayden Point.
9:49 of 1st period - Shot Misses the Net.
10:23 of 1st period - Shot by Warren Foegele.
10:23 of 1st period - Shot Blocked by Andrew Peeke.
10:27 of 1st period - Shot by Warren Foegele.
10:27 of 1st period - Deflect By Joel Farabee.
10:27 of 1st period - Stopped by Tristan Jarry without a rebound.
10:28 of 1st period - Elias Lindholm wins face-off versus Brad Marchand in BOSTON Bruins zone.
10:34 of 1st period - Elias Lindholm is hit by Victor Hedman and loses puck.
10:54 of 1st period - Elias Lindholm is hit by Shea Theodore and loses puck.
12:15 of 1st period - Shot by Tomas Hertl.
12:15 of 1st period - Shot Misses the Net.
12:17 of 1st period - Shot by Tomas Hertl.
12:17 of 1st period - Shot Blocked by Brett Pesce.
12:19 of 1st period - Shot by Andrew Peeke.
12:19 of 1st period - Shot Blocked by Brett Pesce.
12:34 of 1st period - Icing by Nathan Walker.
12:35 of 1st period - Nick Paul wins face-off versus Tomas Hertl in BOSTON Bruins zone.
12:39 of 1st period - Brayden Point is hit by Andrew Peeke and loses puck.
12:47 of 1st period - Brayden Point is hit by Matt Dumba and loses puck.
12:51 of 1st period - Icing by Andrew Peeke.
12:52 of 1st period - Tomas Hertl wins face-off versus Warren Foegele in BOSTON Bruins zone.
13:04 of 1st period - David Kampf is hit by Matt Dumba and loses puck.
13:08 of 1st period - David Kampf is hit by Matt Dumba and loses puck.
13:11 of 1st period - Shot by Ryan Lindgren.
13:11 of 1st period - Stopped by Tristan Jarry without a rebound.
13:12 of 1st period - Jeff Carter wins face-off versus Bo Horvat in BOSTON Bruins zone.
13:58 of 1st period - Icing by Victor Hedman.
13:59 of 1st period - Bo Horvat wins face-off versus David Kampf in BOSTON Bruins zone.
14:06 of 1st period - Shot by Shea Theodore.
14:06 of 1st period - Stopped by Philipp Grubauer without a rebound.
14:07 of 1st period - David Kampf wins face-off versus Joel Eriksson Ek in ANAHEIM Ducks zone.
14:07 of 1st period - David Kampf is hit by Frank Vatrano.
14:14 of 1st period - Warren Foegele is hit by Andrew Peeke and loses puck.
15:26 of 1st period - Shot by Nick Paul.
15:26 of 1st period - Stopped by Tristan Jarry without a rebound.
15:27 of 1st period - Bo Horvat wins face-off versus Elias Lindholm in BOSTON Bruins zone.
15:27 of 1st period - Brad Marchand is hit by Elias Lindholm and loses puck.
15:31 of 1st period - Brad Hunt is hit by Nathan MacKinnon and loses puck.
15:46 of 1st period - Minor Penalty to Adrian Kempe for Hooking.
15:47 of 1st period - Adam Lowry wins face-off versus Chandler Stephenson in BOSTON Bruins zone.
15:47 of 1st period - Adam Lowry is hit by Nick Paul.
16:07 of 1st period - Shot by Seth Jones.
16:07 of 1st period - Goal by Seth Jones - ANAHEIM Ducks : 2 - BOSTON Bruins : 0.
16:08 of 1st period - Tomas Hertl wins face-off versus Nic Dowd in neutral zone.
16:35 of 1st period - Shot by Tomas Hertl.
16:35 of 1st period - Shot Misses the Net.
18:20 of 1st period - Shot by Kirill Kaprizov.
18:20 of 1st period - Shot Misses the Net.
19:57 of 1st period - Icing by Ryan Lindgren.
19:58 of 1st period - Jeff Carter wins face-off versus Adrian Kempe in ANAHEIM Ducks zone.
Goals for this period are 2 for ANAHEIM Ducks vs 0 for BOSTON Bruins.
Shots for this period are 9 for ANAHEIM Ducks vs 4 for BOSTON Bruins.

2nd period


0:01 of 2nd period - Jeff Carter wins face-off versus Brad Marchand in neutral zone.
0:12 of 2nd period - Shot by Brayden Point.
0:12 of 2nd period - Shot Misses the Net.
0:14 of 2nd period - Shot by Brayden Point.
0:14 of 2nd period - Goal by Brayden Point - ANAHEIM Ducks : 3 - BOSTON Bruins : 0.
0:15 of 2nd period - Elias Lindholm wins face-off versus Joel Eriksson Ek in neutral zone.
1:06 of 2nd period - Icing by MacKenzie Weegar.
1:07 of 2nd period - Elias Lindholm wins face-off versus Bo Horvat in ANAHEIM Ducks zone.
1:07 of 2nd period - Elias Lindholm is hit by Adrian Kempe.
1:08 of 2nd period - Minor Penalty to Brad Marchand for High sticking.
1:09 of 2nd period - Adam Lowry wins face-off versus Chandler Stephenson in BOSTON Bruins zone.
1:09 of 2nd period - Adam Lowry is hit by Jeff Carter.
1:29 of 2nd period - Shot by Jeff Carter.
1:29 of 2nd period - Stopped by Tristan Jarry without a rebound.
1:30 of 2nd period - Nathan MacKinnon wins face-off versus Adam Lowry in BOSTON Bruins zone.
2:04 of 2nd period - Adam Lowry is hit by Nathan MacKinnon and loses puck.
2:19 of 2nd period - Shot by MacKenzie Weegar.
2:19 of 2nd period - Stopped by Tristan Jarry without a rebound.
2:20 of 2nd period - Tomas Hertl wins face-off versus Chandler Stephenson in BOSTON Bruins zone.
3:31 of 2nd period - Shot by Bo Horvat.
3:31 of 2nd period - Shot Misses the Net.
3:33 of 2nd period - Shot by Bo Horvat.
3:33 of 2nd period - Shot Misses the Net.
3:53 of 2nd period - Shot by Bo Horvat.
3:53 of 2nd period - Shot Misses the Net.
4:03 of 2nd period - Victor Hedman is hit by Joel Farabee and loses puck.
4:24 of 2nd period - Shot by Michael Pezzetta.
4:24 of 2nd period - Stopped by Philipp Grubauer without a rebound.
4:25 of 2nd period - Joel Eriksson Ek wins face-off versus Jeff Carter in ANAHEIM Ducks zone.
4:25 of 2nd period - Frank Vatrano is hit by Mark Giordano and loses puck.
4:29 of 2nd period - Icing by Seth Jones.
4:30 of 2nd period - Jeff Carter wins face-off versus Joel Eriksson Ek in ANAHEIM Ducks zone.
4:54 of 2nd period - Seth Jones is hit by Matt Dumba and loses puck.
5:10 of 2nd period - Off-side.
5:11 of 2nd period - Bo Horvat wins face-off versus Elias Lindholm in neutral zone.
5:11 of 2nd period - Bo Horvat is hit by Elias Lindholm.
5:14 of 2nd period - Victor Hedman is hit by MacKenzie Weegar and loses puck.
5:15 of 2nd period - Minor Penalty to MacKenzie Weegar for Roughing.
5:16 of 2nd period - Bo Horvat wins face-off versus Elias Lindholm in ANAHEIM Ducks zone.
5:19 of 2nd period - Shot by Adrian Kempe.
5:19 of 2nd period - Stopped by Philipp Grubauer without a rebound.
5:20 of 2nd period - Elias Lindholm wins face-off versus Bo Horvat in ANAHEIM Ducks zone.
6:20 of 2nd period - Shot by Shea Theodore.
6:20 of 2nd period - Stopped by Philipp Grubauer without a rebound.
6:21 of 2nd period - Tomas Hertl wins face-off versus Elias Lindholm in ANAHEIM Ducks zone.
6:26 of 2nd period - Shot by Matt Dumba.
6:26 of 2nd period - Stopped by Philipp Grubauer without a rebound.
6:27 of 2nd period - Elias Lindholm wins face-off versus Tomas Hertl in ANAHEIM Ducks zone.
6:27 of 2nd period - Elias Lindholm is hit by Tomas Hertl.
6:34 of 2nd period - Icing by Frank Vatrano.
6:35 of 2nd period - Elias Lindholm wins face-off versus Tomas Hertl in BOSTON Bruins zone.
7:25 of 2nd period - Shot by Brayden Point.
7:25 of 2nd period - Stopped by Tristan Jarry without a rebound.
7:26 of 2nd period - Bo Horvat wins face-off versus Nic Dowd in BOSTON Bruins zone.
7:26 of 2nd period - Bo Horvat is hit by Patrick Maroon.
8:28 of 2nd period - Shot by Ryan Lindgren.
8:28 of 2nd period - Shot Misses the Net.
8:30 of 2nd period - Shot by Nick Paul.
8:30 of 2nd period - Stopped by Tristan Jarry without a rebound.
8:31 of 2nd period - Jeff Carter wins face-off versus Joel Eriksson Ek in BOSTON Bruins zone.
8:37 of 2nd period - Joel Eriksson Ek is hit by Brayden Point and loses puck.
8:41 of 2nd period - Joel Eriksson Ek is hit by Brayden Point and loses puck.
8:52 of 2nd period - Shot by Kirill Kaprizov.
8:52 of 2nd period - Shot Misses the Net.
8:54 of 2nd period - Shot by Joel Eriksson Ek.
8:54 of 2nd period - Shot Misses the Net.
8:57 of 2nd period - Joel Eriksson Ek is hit by MacKenzie Weegar and loses puck.
8:59 of 2nd period - Minor Penalty to MacKenzie Weegar for Roughing.
9:00 of 2nd period - Elias Lindholm wins face-off versus Bo Horvat in ANAHEIM Ducks zone.
9:19 of 2nd period - Icing by Bo Horvat.
9:20 of 2nd period - Elias Lindholm wins face-off versus Bo Horvat in BOSTON Bruins zone.
9:32 of 2nd period - Icing by Victor Hedman.
9:33 of 2nd period - Elias Lindholm wins face-off versus Bo Horvat in BOSTON Bruins zone.
10:00 of 2nd period - Icing by Adrian Kempe.
10:01 of 2nd period - Bo Horvat wins face-off versus Nic Dowd in BOSTON Bruins zone.
10:28 of 2nd period - Shot by Joel Eriksson Ek.
10:28 of 2nd period - Stopped by Philipp Grubauer without a rebound.
10:29 of 2nd period - Tomas Hertl wins face-off versus Elias Lindholm in ANAHEIM Ducks zone.
10:30 of 2nd period - Shot by Shea Theodore.
10:30 of 2nd period - Goal by Shea Theodore - ANAHEIM Ducks : 3 - BOSTON Bruins : 1.
10:31 of 2nd period - Jeff Carter wins face-off versus Tomas Hertl in neutral zone.
10:31 of 2nd period - Jeff Carter is hit by Blake Wheeler.
11:18 of 2nd period - Brett Pesce is hit by Matt Dumba and loses puck.
11:39 of 2nd period - Shot by Elias Lindholm.
11:39 of 2nd period - Stopped by Tristan Jarry without a rebound.
11:40 of 2nd period - David Kampf wins face-off versus Bo Horvat in BOSTON Bruins zone.
13:46 of 2nd period - Minor Penalty to MacKenzie Weegar for Interference.
13:47 of 2nd period - Elias Lindholm wins face-off versus Tomas Hertl in ANAHEIM Ducks zone.
14:43 of 2nd period - Ryan Lindgren is hit by Phil Kessel and loses puck.
14:48 of 2nd period - Shot by Kirill Kaprizov.
14:48 of 2nd period - Shot Misses the Net.
14:58 of 2nd period - Shot by Kirill Kaprizov.
14:58 of 2nd period - Stopped by Philipp Grubauer without a rebound.
14:59 of 2nd period - Bo Horvat wins face-off versus Elias Lindholm in ANAHEIM Ducks zone.
15:10 of 2nd period - Shot by Kirill Kaprizov.
15:10 of 2nd period - Shot Blocked by Brett Pesce.
15:12 of 2nd period - Shot by Victor Hedman.
15:12 of 2nd period - Stopped by Philipp Grubauer with a rebound.
16:28 of 2nd period - Shot by Jaycob Megna.
16:28 of 2nd period - Shot Misses the Net.
17:05 of 2nd period - Shot by Warren Foegele.
17:05 of 2nd period - Stopped by Tristan Jarry with a rebound.
17:59 of 2nd period - Shot by Tomas Hertl.
17:59 of 2nd period - Shot Misses the Net.
18:01 of 2nd period - Shot by Blake Wheeler.
18:01 of 2nd period - Shot Blocked by Brett Pesce.
18:28 of 2nd period - Off-side.
18:29 of 2nd period - Jeff Carter wins face-off versus Adam Lowry in neutral zone.
18:39 of 2nd period - Shot by Phil Kessel.
18:39 of 2nd period - Stopped by Philipp Grubauer without a rebound.
18:40 of 2nd period - David Kampf wins face-off versus Bo Horvat in ANAHEIM Ducks zone.
18:49 of 2nd period - Brad Marchand is hit by Mark Giordano and loses puck.
18:54 of 2nd period - Shot by Bo Horvat.
18:54 of 2nd period - Shot Misses the Net.
18:56 of 2nd period - Shot by Matt Dumba.
18:56 of 2nd period - Stopped by Philipp Grubauer with a rebound.
18:58 of 2nd period - Shot by Adrian Kempe.
18:58 of 2nd period - Stopped by Philipp Grubauer without a rebound.
18:59 of 2nd period - Jeff Carter wins face-off versus Joel Eriksson Ek in ANAHEIM Ducks zone.
19:03 of 2nd period - Ryan Lindgren is hit by Frank Vatrano.
19:05 of 2nd period - Shot by Brayden Point.
19:05 of 2nd period - Shot Misses the Net.
19:17 of 2nd period - Shot by Justin Holl.
19:17 of 2nd period - Shot Blocked by Joel Eriksson Ek.
19:19 of 2nd period - Shot by Justin Holl.
19:19 of 2nd period - Shot Misses the Net.
19:34 of 2nd period - Shot by Justin Holl.
19:34 of 2nd period - Stopped by Tristan Jarry with a rebound.
19:40 of 2nd period - Shot by Jeff Carter.
19:40 of 2nd period - Stopped by Tristan Jarry without a rebound.
19:41 of 2nd period - David Kampf wins face-off versus Adrian Kempe in BOSTON Bruins zone.
19:41 of 2nd period - Seth Jones is hit by Andrew Peeke and loses puck.
Goals for this period are 1 for ANAHEIM Ducks vs 1 for BOSTON Bruins.
Shots for this period are 9 for ANAHEIM Ducks vs 11 for BOSTON Bruins.

3rd period


0:01 of 3rd period - Bo Horvat wins face-off versus Jeff Carter in neutral zone.
0:01 of 3rd period - Adrian Kempe is hit by Nick Paul and loses puck.
0:28 of 3rd period - Jeff Carter is hit by Adrian Kempe and loses puck.
0:44 of 3rd period - Adrian Kempe is hit by Nick Paul and loses puck.
1:16 of 3rd period - Shot by Kirill Kaprizov.
1:16 of 3rd period - Stopped by Philipp Grubauer without a rebound.
1:17 of 3rd period - Tomas Hertl wins face-off versus David Kampf in ANAHEIM Ducks zone.
1:31 of 3rd period - Icing by Justin Holl.
1:32 of 3rd period - Joel Eriksson Ek wins face-off versus David Kampf in ANAHEIM Ducks zone.
1:38 of 3rd period - Joel Eriksson Ek is hit by Justin Holl and loses puck.
1:42 of 3rd period - Kirill Kaprizov is hit by Justin Holl and loses puck.
2:00 of 3rd period - Minor Penalty to Warren Foegele for Cross-checking.
2:01 of 3rd period - Bo Horvat wins face-off versus Elias Lindholm in ANAHEIM Ducks zone.
2:08 of 3rd period - Shot by Kirill Kaprizov.
2:08 of 3rd period - Stopped by Philipp Grubauer with a rebound.
2:10 of 3rd period - Shot by Brad Marchand.
2:10 of 3rd period - Shot Misses the Net.
2:28 of 3rd period - Shot by Victor Hedman.
2:28 of 3rd period - Shot Blocked by MacKenzie Weegar.
2:30 of 3rd period - Shot by Victor Hedman.
2:30 of 3rd period - Shot Misses the Net.
2:32 of 3rd period - Shot by Brad Marchand.
2:32 of 3rd period - Shot Misses the Net.
2:34 of 3rd period - Shot by Adrian Kempe.
2:34 of 3rd period - Shot Misses the Net.
2:36 of 3rd period - Shot by Adrian Kempe.
2:36 of 3rd period - Shot Misses the Net.
2:55 of 3rd period - Shea Theodore is hit by Brett Pesce and loses puck.
3:08 of 3rd period - Elias Lindholm is hit by Joel Eriksson Ek and loses puck.
3:13 of 3rd period - Shot by Shea Theodore.
3:13 of 3rd period - Shot Misses the Net.
3:15 of 3rd period - Shot by Shea Theodore.
3:15 of 3rd period - Goal by Shea Theodore - ANAHEIM Ducks : 3 - BOSTON Bruins : 2.
3:16 of 3rd period - Jeff Carter wins face-off versus Adam Lowry in neutral zone.
3:24 of 3rd period - Brad Hunt is hit by Nick Paul and loses puck.
3:38 of 3rd period - Michael Pezzetta is hit by Seth Jones and loses puck.
3:51 of 3rd period - Jeff Carter is hit by Michael Pezzetta and loses puck.
4:48 of 3rd period - Shot by Nathan MacKinnon.
4:48 of 3rd period - Shot Misses the Net.
4:50 of 3rd period - Shot by Chandler Stephenson.
4:50 of 3rd period - Shot Misses the Net.
4:52 of 3rd period - Shot by Brett Pesce.
4:52 of 3rd period - Shot Misses the Net.
4:54 of 3rd period - Shot by Nathan MacKinnon.
4:54 of 3rd period - Shot Misses the Net.
4:56 of 3rd period - Shot by Elias Lindholm.
4:56 of 3rd period - Stopped by Tristan Jarry without a rebound.
4:57 of 3rd period - David Kampf wins face-off versus Joel Eriksson Ek in BOSTON Bruins zone.
5:35 of 3rd period - Shot by Warren Foegele.
5:35 of 3rd period - Stopped by Tristan Jarry without a rebound.
5:36 of 3rd period - Tomas Hertl wins face-off versus Nic Dowd in BOSTON Bruins zone.
6:49 of 3rd period - Minor Penalty to Nathan MacKinnon for Hooking.
6:50 of 3rd period - Tomas Hertl wins face-off versus Elias Lindholm in ANAHEIM Ducks zone.
6:57 of 3rd period - Shot by Kirill Kaprizov.
6:57 of 3rd period - Stopped by Philipp Grubauer without a rebound.
6:58 of 3rd period - Elias Lindholm wins face-off versus Bo Horvat in ANAHEIM Ducks zone.
7:50 of 3rd period - Nic Dowd is hit by Adrian Kempe and loses puck.
8:11 of 3rd period - Shot by Victor Hedman.
8:11 of 3rd period - Stopped by Philipp Grubauer without a rebound.
8:12 of 3rd period - Chandler Stephenson wins face-off versus Frank Vatrano in ANAHEIM Ducks zone.
8:31 of 3rd period - Shot by Kirill Kaprizov.
8:31 of 3rd period - Stopped by Philipp Grubauer without a rebound.
8:32 of 3rd period - Elias Lindholm wins face-off versus Tomas Hertl in ANAHEIM Ducks zone.
9:17 of 3rd period - Icing by Adam Lowry.
9:18 of 3rd period - Nic Dowd wins face-off versus Adam Lowry in BOSTON Bruins zone.
9:31 of 3rd period - MacKenzie Weegar is hit by Michael Pezzetta and loses puck.
9:46 of 3rd period - Shot by Derick Brassard.
9:46 of 3rd period - Shot Blocked by Brad Hunt.
9:48 of 3rd period - Shot by Patrick Maroon.
9:48 of 3rd period - Shot Misses the Net.
9:50 of 3rd period - Shot by Nic Dowd.
9:50 of 3rd period - Shot Blocked by Jaycob Megna.
10:40 of 3rd period - Icing by Nathan MacKinnon.
10:41 of 3rd period - Elias Lindholm wins face-off versus Joel Eriksson Ek in ANAHEIM Ducks zone.
10:41 of 3rd period - Chandler Stephenson is hit by Joel Eriksson Ek and loses puck.
10:46 of 3rd period - Shot by Kirill Kaprizov.
10:46 of 3rd period - Stopped by Philipp Grubauer without a rebound.
10:47 of 3rd period - Jeff Carter wins face-off versus Bo Horvat in ANAHEIM Ducks zone.
10:47 of 3rd period - Jeff Carter is hit by Adrian Kempe.
11:04 of 3rd period - Adrian Kempe is hit by Justin Holl and loses puck.
11:10 of 3rd period - Icing by Ryan Lindgren.
11:11 of 3rd period - Jeff Carter wins face-off versus Joel Eriksson Ek in ANAHEIM Ducks zone.
11:33 of 3rd period - Shot by Justin Holl.
11:33 of 3rd period - Stopped by Tristan Jarry without a rebound.
11:34 of 3rd period - Bo Horvat wins face-off versus Elias Lindholm in BOSTON Bruins zone.
12:16 of 3rd period - Shea Theodore is hit by MacKenzie Weegar and loses puck.
13:01 of 3rd period - Off-side.
13:02 of 3rd period - Tomas Hertl wins face-off versus Joel Farabee in neutral zone.
13:18 of 3rd period - Justin Holl is hit by Blake Wheeler and loses puck.
13:27 of 3rd period - Shot by Warren Foegele.
13:27 of 3rd period - Stopped by Tristan Jarry without a rebound.
13:28 of 3rd period - Bo Horvat wins face-off versus Nick Paul in BOSTON Bruins zone.
13:28 of 3rd period - Bo Horvat is hit by Nick Paul.
13:33 of 3rd period - Icing by Brad Marchand.
13:34 of 3rd period - Bo Horvat wins face-off versus Jeff Carter in BOSTON Bruins zone.
13:45 of 3rd period - Mark Giordano is hit by Adrian Kempe and loses puck.
13:54 of 3rd period - Shot by Bo Horvat.
13:54 of 3rd period - Stopped by Philipp Grubauer without a rebound.
13:55 of 3rd period - Elias Lindholm wins face-off versus Joel Eriksson Ek in ANAHEIM Ducks zone.
13:55 of 3rd period - Elias Lindholm is hit by Joel Eriksson Ek.
13:58 of 3rd period - Icing by Brett Pesce.
13:59 of 3rd period - Chandler Stephenson wins face-off versus Joel Eriksson Ek in ANAHEIM Ducks zone.
14:06 of 3rd period - Shot by Kirill Kaprizov.
14:06 of 3rd period - Goal by Kirill Kaprizov - ANAHEIM Ducks : 3 - BOSTON Bruins : 3.
14:07 of 3rd period - Bo Horvat wins face-off versus Nathan MacKinnon in neutral zone.
14:10 of 3rd period - Shot by Bo Horvat.
14:10 of 3rd period - Stopped by Philipp Grubauer without a rebound.
14:11 of 3rd period - Elias Lindholm wins face-off versus Joel Eriksson Ek in ANAHEIM Ducks zone.
14:28 of 3rd period - Icing by Matt Dumba.
14:29 of 3rd period - Jeff Carter wins face-off versus Joel Eriksson Ek in BOSTON Bruins zone.
15:54 of 3rd period - Chandler Stephenson is hit by Victor Hedman and loses puck.
16:04 of 3rd period - Icing by Shea Theodore.
16:05 of 3rd period - Bo Horvat wins face-off versus David Kampf in BOSTON Bruins zone.
16:05 of 3rd period - Bo Horvat is hit by Joel Farabee.
16:08 of 3rd period - Icing by Brad Marchand.
16:09 of 3rd period - Bo Horvat wins face-off versus David Kampf in BOSTON Bruins zone.
16:11 of 3rd period - Icing by Brad Marchand.
16:12 of 3rd period - Bo Horvat wins face-off versus Elias Lindholm in BOSTON Bruins zone.
16:12 of 3rd period - Bo Horvat is hit by Chandler Stephenson.
16:51 of 3rd period - Elias Lindholm is hit by Shea Theodore and loses puck.
18:12 of 3rd period - Icing by Andrew Peeke.
18:13 of 3rd period - Joel Eriksson Ek wins face-off versus David Kampf in BOSTON Bruins zone.
18:13 of 3rd period - Joel Eriksson Ek is hit by Warren Foegele.
18:30 of 3rd period - Minor Penalty to Justin Holl for Holding.
18:31 of 3rd period - Elias Lindholm wins face-off versus Tomas Hertl in ANAHEIM Ducks zone.
18:53 of 3rd period - Shot by Kirill Kaprizov.
18:53 of 3rd period - Stopped by Philipp Grubauer without a rebound.
18:54 of 3rd period - Elias Lindholm wins face-off versus Tomas Hertl in ANAHEIM Ducks zone.
19:08 of 3rd period - Joel Eriksson Ek is hit by MacKenzie Weegar and loses puck.
19:38 of 3rd period - Icing by Kirill Kaprizov.
19:39 of 3rd period - Elias Lindholm wins face-off versus Bo Horvat in BOSTON Bruins zone.
Goals for this period are 0 for ANAHEIM Ducks vs 2 for BOSTON Bruins.
Shots for this period are 4 for ANAHEIM Ducks vs 11 for BOSTON Bruins.

Overtime #1


0:01 of 1st overtime period - Bo Horvat wins face-off versus Elias Lindholm in neutral zone.
0:34 of 1st overtime period - Shot by Tomas Hertl.
0:34 of 1st overtime period - Stopped by Philipp Grubauer without a rebound.
0:35 of 1st overtime period - Tomas Hertl wins face-off versus Chandler Stephenson in ANAHEIM Ducks zone.
0:35 of 1st overtime period - Tomas Hertl is hit by Seth Jones.
2:27 of 1st overtime period - Shot by Chandler Stephenson.
2:27 of 1st overtime period - Shot Blocked by Andrew Peeke.
2:29 of 1st overtime period - Shot by Brayden Point.
2:29 of 1st overtime period - Shot Misses the Net.
2:31 of 1st overtime period - Shot by Seth Jones.
2:31 of 1st overtime period - Shot Misses the Net.
2:37 of 1st overtime period - Shot by Chandler Stephenson.
2:37 of 1st overtime period - Shot Blocked by Andrew Peeke.
2:48 of 1st overtime period - Icing by Tomas Hertl.
2:49 of 1st overtime period - Elias Lindholm wins face-off versus Tomas Hertl in BOSTON Bruins zone.
3:14 of 1st overtime period - Shot by Elias Lindholm.
3:14 of 1st overtime period - Deflect By Derick Brassard.
3:14 of 1st overtime period - Shot Misses the Net.
3:39 of 1st overtime period - Off-side.
3:40 of 1st overtime period - Adam Lowry wins face-off versus Chandler Stephenson in neutral zone.
3:48 of 1st overtime period - Shot by Frank Vatrano.
3:48 of 1st overtime period - Stopped by Philipp Grubauer without a rebound.
3:49 of 1st overtime period - Chandler Stephenson wins face-off versus Adam Lowry in ANAHEIM Ducks zone.
4:14 of 1st overtime period - Shot by Brayden Point.
4:14 of 1st overtime period - Shot Blocked by Matt Dumba.
4:16 of 1st overtime period - Shot by Seth Jones.
4:16 of 1st overtime period - Goal by Seth Jones - ANAHEIM Ducks : 4 - BOSTON Bruins : 3.
Goals for this period are 1 for ANAHEIM Ducks vs 0 for BOSTON Bruins.
Shots for this period are 1 for ANAHEIM Ducks vs 2 for BOSTON Bruins. Output by the SimonT Hockey Simulator (STHS) for Martin Benoit - Original Page W3C HTML5 Valid
Hockey Simulator - Hockey Simulation - Hockey Manager